 Dungeon Crawl Stone Soup version 0.30-b1-2-g02819fbbbe (webtiles) character file.

Game seed: 2175353054050134892

1493 redmage the Digger (level 9, -9/62 HPs)
             Began as a Meteoran Earth Elementalist on Aug 10, 2023.
             Was an Initiate of Sif Muna.
             Mangled by an elephant (15 damage)
             ... on level 8 of the Dungeon.
             The game lasted 00:23:30 (1603 turns).

redmage the Digger (Meteoran Earth Elementalist)    Turns: 1603, Time: 00:23:31

Health: -9/62      AC:  3    Str: 15    XL:     9   Next: 28%
Magic:  9/20       EV: 13    Int: 22    God:    Sif Muna [......]
Gold:   228        SH:  0    Dex: 15    Spells: 15/21 levels left

rFire   . . .        i - +2 mace (protect)
rCold   . . .        (no shield)
rNeg    . . .        a - +0 robe
rPois   +            j - +0 helmet
rElec   .            (no cloak)
rCorr   .            (no gloves)
SInv    .            (no boots)
Will    +....        (no amulet)
Stlth   +            k - +6 ring of strength
HPRegen 0.30/turn    g - ring of poison resistance
MPRegen 0.17/turn

%: no passive effects
@: silenced, hasted, glowing, very quick
A: sense surroundings 2, otherworldly, glowing, explore regen
a: Renounce Religion


You were on level 8 of the Dungeon.
You worshipped Sif Muna.
Sif Muna was noncommittal.
You visited 2 branches of the dungeon, and saw 10 of its levels.

You collected 228 gold pieces.

Inventory:

Hand Weapons
 d - a +4 sling
 i - a +2 mace of protection (weapon)
 s - a +0 dagger of electrocution
Armour
 a - a +0 robe (worn)
 j - a +0 helmet (worn)
 q - a +1 ring mail of willpower
Jewellery
 g - a ring of poison resistance (right hand)
 k - a +6 ring of strength (left hand)
 r - a +6 ring of dexterity
Wands
 m - a wand of flame (18)
 n - a wand of digging (7)
Scrolls
 h - a scroll of magic mapping
 p - a scroll of amnesia
 t - a scroll of poison
Potions
 b - a potion of magic
 c - 2 potions of haste
 e - 2 potions of curing
 l - a potion of resistance
 o - a potion of cancellation {unknown}
 u - a potion of lignification {unknown}
 v - a potion of might {unknown}


   Skills:
 - Level 4.1 Dodging
 - Level 2.6 Stealth
 + Level 6.7 Spellcasting
 * Level 7.1 Conjurations
 - Level 3.4 Transmutations
 + Level 7.1 Earth Magic


You had 15 spell levels left.
You knew the following spells:

 Your Spells              Type           Power      Damage    Failure   Level
a - Sandblast             Erth           76%        2d16      1%          1
b - Passwall              Tmut/Erth      25%        N/A       1%          2
c - Stone Arrow           Conj/Erth      76%        3d11      1%          3

Your spell library contained the following spells:

 Spells                   Type           Power      Damage    Failure   Level
 Magic Dart               Conj           100%       1d8       1%          1
 Necrotise                Necr           28%        1d5       9%          1
 Mephitic Cloud           Conj/Pois/Air  17%        N/A       10%         3
 Petrify                  Tmut/Erth      30%        N/A       10%         4
 Call Imp                 Summ           14%        N/A       13%         2
 Vampiric Draining        Necr           7%         2d6       26%         3
 Agony                    Necr           7%         N/A       93%         5


Dungeon Overview and Level Annotations

Branches:
Dungeon (9/15) Zot: 3810   Temple (1/1) D:7 Zot: 542    Lair (0/5) D:8
    Orc: D:9-12

Altars:
Dithmenos
Elyvilon
Makhleb
Nemelex Xobeh
Sif Muna
Vehumet
Wu Jian
Zin


Innate Abilities, Weirdness & Mutations

You passively map the area around you.
You are easily found by Zot.
You glow in the dark.
You regain HP and MP as you explore.


Message History

Confirm with . or Enter, or press ? or * to list all spells.
Aiming: Stone Arrow (safe; 1% risk of failure)
Press: ? - help, Shift-Dir - straight line, f - orc priest
Aim: an orc priest, wielding a +0 flail (74% to hit)
The stone arrow misses the orc priest.
Unknown command.
Casting: Stone Arrow (safe; 1% risk of failure)
Confirm with . or Enter, or press ? or * to list all spells.
Aiming: Stone Arrow (safe; 1% risk of failure)
Press: ? - help, Shift-Dir - straight line, f/p - orc priest
Aim: an orc priest, wielding a +0 flail (74% to hit)
The stone arrow hits the orc priest!!
You kill the orc priest!
Sif Muna accepts your kill.
The elephant is engulfed in poison gas.
The elephant is poisoned.
As you read the scroll labelled LEAT COYMITERY, it crumbles to dust.
A profound silence engulfs you.
It was a scroll of silence.
The orc warrior closely misses you.
The elephant is engulfed in poison gas.
The elephant looks even sicker.
The black bear bites you but does no damage.
The black bear claws you but does no damage. x2
The black bear attacks as you move away!
The black bear bites you.
The black bear claws you but does no damage.
The black bear claws you.
The black bear looks more healthy.
An orc wizard comes into view. It is wielding a +0 dagger.
The black bear attacks as you move away!
The black bear bites you. The black bear claws you.
* * * LOW HITPOINT WARNING * * *
The black bear misses you.
You feel yourself speed up. The black bear bites you.
* * * LOW HITPOINT WARNING * * *
The black bear claws you.
* * * LOW HITPOINT WARNING * * *
The black bear barely misses you.
The orc warrior hits you from afar with a +0 trident.
* * * LOW HITPOINT WARNING * * *
The elephant tramples you!
You die...

**** **,,,,,,,, *..#
*,,,,,,,,, ####..#
*,,,,,,,,, #.!...#
*,,,,,,,,, #.....#
*,,,,,,,,, #.....##
**,,,,,,,, #.)....#
*,,,.,,,, #......#
*,,..,,,, #..@Y..#
*,...,,,, #...h..##
**....,,,,
##...o..#**.....,,,,
##.##..##...#*,,,,,
#o........#****,,,
##.#####...#***,,,,
##.)# *##..#*,,,,,
###).#### **..#,,,,,
##....o..###
**...,,,,


You could see an elephant (very poisoned), an orc warrior, a black bear
(unsilenced) and an orc wizard.

Vanquished Creatures
  Grinder (D:3)
  A shadow (D:8)
  Eustachio (D:5)
  A steam dragon (D:8)
  An ogre (D:7)
  A centaur (D:8)
  A kobold brigand (D:7)
  2 bullfrogs (D:8)
  3 scorpions
  2 orc priests
  A hound (D:5)
  2 sleepcaps
  2 orc wizards
  An iguana (D:5)
  2 adders
  A white imp (D:7)
  4 dart slugs
  21 orcs
  2 ball pythons
  3 bats
  An endoplasm (D:2)
  A giant cockroach (D:2)
  4 goblins
  2 hobgoblins
  9 jackals
  4 kobolds
  6 quokkas
  2 frilled lizards
  5 rats
87 creatures vanquished.

Vanquished Creatures (others)
  An orc wizard (D:5)
  8 fungi (D:5)
9 creatures vanquished.

Grand Total: 96 creatures vanquished

Notes
Turn   | Place    | Note
-------+----------+-------------------------------------------
     0 | D:1      | redmage the Meteoran Earth Elementalist began the quest for
                  | the Orb.
     0 | D:1      | Reached XP level 1. HP: 14/14 MP: 5/5
    50 | D:1      | Reached XP level 2. HP: 20/20 MP: 3/6
   105 | D:1      | Reached XP level 3. HP: 25/26 MP: 2/8
   274 | D:2      | Reached XP level 4. HP: 33/33 MP: 6/9
   333 | D:2      | Identified the +0 kite shield "Qoha" {Str+2}
   392 | D:3      | Noticed Grinder
   394 | D:3      | Paralysed by Grinder for 5 turns
   404 | D:3      | Killed Grinder
   405 | D:3      | Reached XP level 5. HP: 10/38 MP: 3/12
   405 | D:3      | Reached XP level 6. HP: 12/45 MP: 3/13
   600 | D:5      | Entered Level 5 of the Dungeon
   606 | D:5      | Reached XP level 7. HP: 50/50 MP: 11/14
   629 | D:4      | Learned a level 2 spell: Passwall
   633 | D:4      | Learned a level 3 spell: Stone Arrow
   747 | D:4      | Reached skill level 1 in Conjurations
   747 | D:4      | Reached skill level 5 in Earth Magic
   842 | D:5      | Found a white marble altar of Elyvilon.
   925 | D:5      | Found a glowing silver altar of Zin.
   951 | D:5      | Noticed Eustachio
   964 | D:5      | Killed Eustachio
   965 | D:5      | Reached skill level 5 in Spellcasting
   965 | D:5      | Reached XP level 8. HP: 50/57 MP: 1/16
  1182 | D:5      | Found a sparkling altar of Nemelex Xobeh.
  1287 | D:7      | Found a staircase to the Ecumenical Temple.
  1304 | D:7      | Reached skill level 5 in Conjurations
  1310 | Temple   | Entered the Ecumenical Temple
  1357 | Temple   | Became a worshipper of Sif Muna the Loreminder
  1464 | D:8      | Noticed a shadow
  1473 | D:8      | Killed a shadow
  1486 | D:8      | Gained mutation: You passively map the area around you.
                  | [Meteoran growth]
  1486 | D:8      | Reached XP level 9. HP: 20/62 MP: 8/19
  1595 | D:8      | Noticed an elephant
  1603 | D:8      | Mangled by an elephant

Illustrated notes

Levels and vault maps discovered:
D:1:      spicycebolla_arrival_ecumenical, layout_basic
D:2:      minmay_wonky_spiral, layout_basic, basic_altar
D:3:      layout_loops_corners, st_stairs_14, uniq_grinder
D:4:      layout_rooms, hex_tiny, chequers_mini_garden
D:5:      layout_basic, mainiacjoe_overflow_cross_hatched,
          mainiacjoe_overflow_catch_the_wave, mainiacjoe_overflow_catwalk,
          uniq_eustachio
D:6:      layout_rooms, minmay_between
D:7:      layout_basic, xom_shifter_show, mainiacjoe_overflow_big_doors,
          minmay_temple_entry_water_ring, minmay_fractal_squares_gapless_5
D:8:      layout_cave_pods, lemuel_zombie_altar_kikubaaqudgha,
          david_lair_generic, nicolae_ossuary_entry_giza
D:9:      layout_cave_pools, kennysheep_little_box,
          nicolae_qazlal_general_emergency
Temple:   hellmonk_temple_flake

Skill      XL: |  1  2  3  4  5  6  7  8  9 |
---------------+----------------------------+-----
Spellcasting   | 3 4 5 6 |  6.7
Dodging        | 3 4 |  4.1
Transmutations | 2 3 |  3.4
Earth Magic    | 4 5 6 7 |  7.1
Stealth        | 2 |  2.6
Conjurations   | 3 6 7 |  7.1

Action                     |  1- 3 |  4- 6 |  7- 9 || total
---------------------------+-------+-------+-------++-------
  Melee: Mace              |       |       |     1 ||     1
   Fire: Sling             |    12 |     1 |       ||    13
   Cast: Sandblast         |    29 |    26 |    56 ||   111
         Stone Arrow       |       |       |    26 ||    26
         Passwall          |       |       |     6 ||     6
    Use: Potion            |       |     1 |     1 ||     2
         Scroll            |       |     2 |     9 ||    11
 Armour: Robe              |     9 |     1 |     8 ||    18
  Dodge: Dodged            |    26 |     8 |    25 ||    59
